 Dungeon Crawl Stone Soup version 0.29.0-7-g18a832c13a (webtiles) character file.

Game seed: 14121478715435544991

31530 inmateoo the Zephyrmancer (level 13, -8/83 HPs)
             Began as an Octopode Air Elementalist on Aug 31, 2022.
             Was an Elder of Makhleb.
             Mangled by an elephant (13 damage)
             ... on level 4 of the Lair of Beasts.
             The game lasted 00:34:43 (20947 turns).

inmateoo the Zephyrmancer (OpAE)                   Turns: 20947, Time: 00:34:44

Health: -8/83      AC:  3    Str:  8    XL:     13   Next: 58%
Magic:  26/26      EV: 17    Int: 33    God:    Makhleb [****..]
Gold:   331        SH:  0    Dex: 19    Spells: 6/30 levels left

rFire   + . .      SeeInvis +   x - +8 dagger of Disarray {protect, rC+}
rCold   + . .      Faith    .   (no shield)
rNeg    . . .      Spirit   .   E - +2 hat
rPois   .          Reflect  .   C - amulet of magic regeneration
rElec   +          Harm     .   b - ring of Asuguun {rElec Will+ rCorr Dex+6 SInv}
rCorr   +          Rampage  .   c - +4 ring of slaying
Will    +....                   q - ring of protection from fire
Stlth   ++++++....              r - ring of wizardry
HPRegen 0.23/turn               u - +6 ring of intelligence
MPRegen 0.60/turn               G - +6 ring of intelligence
                                (no ring)
                                (no ring)

@: sluggish, about to teleport, very slow
A: almost no armour, amphibious, 8 rings, camouflage 1, gelatinous body 1,
(nimble swimmer 1), tentacles
a: Renounce Religion, Minor Destruction, Lesser Servant of Makhleb, Major
Destruction


You were on level 4 of the Lair of Beasts.
You worshipped Makhleb.
Makhleb was greatly pleased with you.
You visited 3 branches of the dungeon, and saw 17 of its levels.
You also visited: Ossuary and Gauntlet.

You collected 799 gold pieces.
You spent 468 gold pieces at shops.

Inventory:

Hand Weapons
 x - the +8 dagger of Disarray (weapon) {protect, rC+}
   (You found it on level 9 of the Dungeon)

   It grants its wielder temporary protection when it strikes (+7 to AC).
   rC:        It protects you from cold.
Missiles
 v - 6 throwing nets
Armour
 E - a +2 hat (worn)
Jewellery
 b - the ring of Asuguun (left tentacle) {rElec Will+ rCorr Dex+6 SInv}
   (You acquired it on level 2 of the Dungeon)

   [ring of dexterity]

   Dex:       It affects your dexterity (+6).
   rElec:     It insulates you from electricity.
   SInv:      It lets you see invisible.
   rCorr:     It protects you from acid and corrosion.
   Will:      It increases your willpower.
 c - a +4 ring of slaying (right tentacle)
 q - a ring of protection from fire (on tentacle)
 r - a ring of wizardry (on tentacle)
 u - a +6 ring of intelligence (on tentacle)
 C - an amulet of magic regeneration (around mantle)
 G - a +6 ring of intelligence (on tentacle)
 H - a ring of ice
Wands
 k - a wand of charming (42)
 o - a wand of polymorph (11)
 p - a wand of flame (55)
 w - a wand of digging (7)
 B - a wand of iceblast (6)
 F - a wand of quicksilver (5)
Scrolls
 d - 3 scrolls of teleportation
 i - 3 scrolls of amnesia
 m - a scroll of blinking
 n - 6 scrolls of enchant weapon
 y - 2 scrolls of enchant armour
 D - a scroll of magic mapping
Potions
 a - 3 potions of magic
 e - 4 potions of heal wounds
 f - 5 potions of curing
 g - 5 potions of ambrosia
 h - 2 potions of might
 j - 5 potions of flight
 l - 5 potions of lignification
 s - 5 potions of brilliance
 t - 3 potions of haste
 z - 2 potions of mutation
 A - a potion of cancellation


   Skills:
 - Level 6.0 Fighting
 - Level 7.0 Dodging
 - Level 10.0 Stealth
 + Level 9.2 Spellcasting
 - Level 7.0 Conjurations
 - Level 6.0 Necromancy
 - Level 6.0 Transmutations
 + Level 11.9 Air Magic
 - Level 6.0 Earth Magic
 - Level 5.0 Invocations


You had 6 spell levels left.
You knew the following spells:

 Your Spells              Type           Power      Damage    Failure   Level
a - Lightning Bolt        Conj/Air       33%        1d51      1%          5
b - Static Discharge      Conj/Air       67%        3-12/arc  1%          2
c - Swiftness             Air            76%        N/A       1%          3
d - Airstrike             Air            38%        2d(6-22)  1%          4
e - Irradiate             Conj/Tmut      27%        3d20      2%          5
f - Borgnjor's Vile Clut  Necr/Erth      26%        N/A       3%          5

Your spell library contained the following spells:

 Spells                   Type           Power      Damage    Failure   Level
 Magic Dart               Conj           100%       1d8       1%          1
 Shock                    Conj/Air       100%       1d9       1%          1
 Call Imp                 Summ           15%        N/A       1%          2
 Sublimation of Blood     Necr           53%        N/A       1%          2
 Conjure Flame            Conj/Fire      38%        6-21      1%          3
 Dazzling Flash           Conj/Hex       76%        N/A       1%          3
 Ignite Poison            Fire/Tmut/Pois 28%        N/A       1%          3
 Mephitic Cloud           Conj/Pois/Air  54%        N/A       1%          3
 Petrify                  Tmut/Erth      53%        N/A       1%          4
 Sticky Flame             Conj/Fire      38%        2d6       3%          4
 Agony                    Necr           53%        N/A       3%          5
 Blade Hands              Tmut           26%        N/A       3%          5
 Silence                  Hex/Air        26%        N/A       3%          5
 Portal Projectile        Hex/Tloc       30%        N/A       4%          3
 Tukima's Dance           Hex            15%        N/A       4%          3
 Alistair's Intoxication  Tmut/Pois      23%        N/A       11%         5
 Summon Forest            Summ/Tloc      7%         N/A       32%         5
 Summon Mana Viper        Hex/Summ       15%        N/A       32%         5
 Eringya's Noxious Bog    Tmut/Pois      17%        N/A       45%         6
 Summon Cactus Giant      Summ           7%         N/A       86%         6
 Maxwell's Capacitive Co  Air            38%        ∞         50%         8


Dungeon Overview and Level Annotations

Branches:
Dungeon (11/15)            Temple (1/1) D:5            Lair (5/5) D:10
 Shoals (0/4) Lair:3       Spider (0/4) Lair:3          Orc (0/2) D:11
Ossuary (visited)         Gauntlet (visited)
  Slime: Lair:4-5

Altars:
Ashenzari
Cheibriados
Dithmenos
Elyvilon
Fedhas
Gozag
Hepliaklqana
Kikubaaqudgha
Makhleb
Nemelex Xobeh
Okawaru
Qazlal
Ru
Sif Muna
Trog
Uskayaw
Vehumet
Wu Jian
Xom
Yredelemnul
Zin
The Shining One

Shops:
D:4 =


Innate Abilities, Weirdness & Mutations

You cannot wear most types of armour.
You are amphibious.
You can wear up to eight rings at the same time.
Your skin changes colour to match your surroundings (Stealth+).
Your rubbery body absorbs attacks. (AC +1, EV +1)
((You are camouflaged when in or above water. (Stealth+)))
You have tentacles for arms and can constrict up to eight enemies at once.


Message History

The elephant attacks as you move away! The elephant completely misses you.
The elephant trunk-slaps you.
The elephant trumpets!
The elephant attacks as you move away! The elephant closely misses you.
The elephant trunk-slaps you but does no damage.
The elephant attacks as you move away! The elephant completely misses you.
The elephant misses you.
There is an escape hatch in the ceiling here.
The elephant tramples you.
You stumble backwards!
You stop ascending the stairs.
The elephant attacks as you move away! The elephant misses you. x2
The elephant attacks as you move away! The elephant barely misses you.
The elephant trunk-slaps you.
Found a scroll of enchant weapon.
Okay, then.
Okay, then.
Casting: Borgnjor's Vile Clutch (dangerous; 3% risk of failure)
Confirm with . or Enter, or press ? or * to list all spells.
You feel quick. The elephant tramples you!
You stumble backwards!
The elephant tramples you!
You stumble backwards!
There is a stone staircase leading up here.
Magic restored.
The elephant tramples you!
You stumble backwards!
You stop ascending the stairs.
Found 13 gold pieces.
You start to feel a little slower.
There is a stone staircase leading up here.
The cane toad closely misses you. The elephant completely misses you.
The elephant barely misses you.
You climb upwards.
You feel sluggish.
There is a stone staircase leading down here.
As you read the scroll of teleportation, it crumbles to dust.
You feel strangely unstable. The cane toad completely misses you.
The elephant tramples you but does no damage.
The elephant trunk-slaps you. The elephant attacks as you move away!
The elephant completely misses you. The elephant trunk-slaps you.
The cane toad misses you. The cane toad stings you!!
* * * LOW HITPOINT WARNING * * *
The elephant tramples you!
You die...

#....[....#.........###
##......#.#....♣...##
#......#####.....## #......##
##...?### #.......# ##...#..#
##......P# #.....### #P.......#
#♣.>.♣# ##......## #.FY..##
#.......# ##.@♣...# ##......##
#.#♣.#### #### ##.......# ####♣#
#..###### #.......##
##.#######........ #.......#
#.....#P.#........
###.......######.................
.#........#.#(.##................
................>............####
..............[..............#


You could see an elephant and a cane toad.

Vanquished Creatures
  Gastronok (Lair:2)
  Kirke (Lair:4)
  2 boulder beetles
  2 hydras (Lair:4)
  3 death yaks (Lair:2)
  Nergalle (Lair:1)
  Pikel (D:7)
  2 manticores
  3 black mambas (Lair:4)
  Joseph (D:8)
  A gargoyle (D:10)
  A kobold demonologist (D:10)
  8 cane toads
  8 komodo dragons
  A rime drake (Lair:4)
  Maggie (D:9)
  A troll (D:8)
  A meliai (Lair:3)
  2 polar bears
  A wind drake (Lair:3)
  2 hornets
  4 blink frogs (Lair:3)
  Sigmund (D:3)
  A vampire (D:10)
  A shadow (D:10)
  3 wyverns
  2 hogs (Lair:4)
  23 yaks
  A basilisk (Lair:3)
  4 vampire mosquitoes (D:11)
  4 steam dragons
  9 water moccasins
  An orc warrior (D:7)
  2 ice beasts (D:6)
  4 black bears
  An ogre (D:6)
  3 centaurs
  A lemure (D:7)
  5 wolves (Lair:3)
  A phantom (D:6)
  3 kobold brigands
  12 bullfrogs
  A gnoll sergeant (D:7)
  6 scorpions
  A water moccasin zombie (Ossuary)
  A necrophage (D:6)
  2 wyvern zombies (Ossuary)
  22 wights
  4 killer bees (Lair:3)
  5 electric eels (Lair:2)
  4 hounds
  3 centaur zombies (Ossuary)
  4 bullfrog zombies (Ossuary)
  5 jellies
  4 orc priests
  Jessica (D:3)
  3 gnoll boudas
  Natasha (thrice) (D:3)
  2 iguanas
  5 orc wizards
  5 killer bee zombies (Ossuary)
  16 mummies (Ossuary)
  2 howler monkey zombies (Ossuary)
  20 gnolls
  7 adders
  2 white imps
  3 ufetubi
  2 worms
  3 dart slugs
  45 orcs
  7 ball pythons
  5 endoplasms
  2 giant cockroaches (D:1)
  8 goblins
  5 hobgoblins
  4 jackals (D:1)
  7 quokkas
  2 bats (D:1)
  3 frilled lizards
  20 kobolds
  3 rats
377 creatures vanquished.

Vanquished Creatures (collateral kills)
  Harold (Lair:2)
  2 death yaks (Lair:2)
  A komodo dragon (D:10)
4 creatures vanquished.

Vanquished Creatures (others)
  A human (Lair:4)
  21 fungi
  39 plants
  5 withered plants (Ossuary)
66 creatures vanquished.

Grand Total: 447 creatures vanquished

Notes
Turn   | Place    | Note
-------+----------+-------------------------------------------
     0 | D:1      | inmateoo the Octopode Air Elementalist began the quest for
                  | the Orb.
     0 | D:1      | Reached XP level 1. HP: 11/11 MP: 3/3
     0 | D:1      | Noticed a spriggan
     2 | D:1      | Noticed a dwarf
     2 | D:1      | Noticed a troll
     5 | D:1      | Noticed an octopode
     7 | D:1      | Noticed a felid
     9 | D:1      | Noticed an octopode
    11 | D:1      | Noticed a draconian
    11 | D:1      | Noticed a ghoul
    13 | D:1      | Noticed a gargoyle
    13 | D:1      | Noticed a naga
    15 | D:1      | Noticed a vine stalker
    15 | D:1      | Noticed a vampire
    17 | D:1      | Noticed a ghoul
    17 | D:1      | Noticed a naga
   358 | D:1      | Reached XP level 2. HP: 17/17 MP: 5/5
   368 | D:1      | Noticed a spriggan
   369 | D:1      | Noticed an elf
   372 | D:1      | Noticed a spriggan
   524 | D:1      | Learned a level 2 spell: Static Discharge
   558 | D:1      | Found a faded altar of an unknown god.
   565 | D:1      | Reached XP level 3. HP: 17/21 MP: 3/6
  2270 | D:2      | Identified a scroll of acquirement
  2270 | D:2      | Acquired the ring of Asuguun {rElec Will+ rCorr Dex+6 SInv}
  2291 | D:3      | Noticed Jessica
  2296 | D:3      | Reached XP level 4. HP: 20/27 MP: 3/7
  2297 | D:3      | Killed Jessica
  2427 | D:3      | Noticed Natasha
  2458 | D:3      | Killed Natasha
  2559 | D:3      | Noticed Natasha
  2566 | D:3      | Killed Natasha
  2567 | D:3      | Reached XP level 5. HP: 21/31 MP: 2/9
  2639 | D:3      | Noticed Natasha
  2646 | D:3      | Killed Natasha
  2839 | D:3      | Learned a level 3 spell: Swiftness
  2925 | D:3      | Reached XP level 6. HP: 35/36 MP: 2/10
  2994 | D:3      | Noticed Sigmund
  3378 | D:4      | Reached skill level 4 in Air Magic
  3624 | D:4      | Learned a level 4 spell: Airstrike
  4014 | D:4      | Found Gadwah's Jewellery Shop.
  4030 | D:4      | Reached skill level 5 in Stealth
  4105 | D:4      | Reached XP level 7. HP: 41/41 MP: 6/12
  4599 | D:5      | Entered Level 5 of the Dungeon
  4599 | D:5      | Noticed a +0 dagger
  4599 | D:5      | Noticed a +0 hand axe
  4599 | D:5      | Found a hide-covered altar of Uskayaw.
  5266 | D:5      | Reached skill level 5 in Air Magic
  5266 | D:5      | Reached XP level 8. HP: 46/46 MP: 2/14
  5533 | D:5      | Found a staircase to the Ecumenical Temple.
  5543 | Temple   | Entered the Ecumenical Temple
  5579 | Temple   | Became a worshipper of Makhleb the Destroyer
  5719 | D:6      | Reached skill level 5 in Spellcasting
  5719 | D:6      | Reached skill level 6 in Air Magic
  5944 | D:6      | Reached skill level 7 in Air Magic
  6194 | D:6      | Reached skill level 8 in Air Magic
  6194 | D:6      | Reached XP level 9. HP: 51/51 MP: 8/16
  6558 | D:6      | Reached skill level 1 in Invocations
  6612 | D:6      | Learned a level 5 spell: Irradiate
  6771 | D:6      | Reached * piety under Makhleb
  6899 | D:7      | Reached skill level 1 in Fighting
  7180 | D:7      | Reached skill level 1 in Transmutations
  7427 | D:7      | Noticed a hornet
  7432 | D:7      | Killed a hornet
  7570 | D:7      | Noticed Pikel
  7578 | D:7      | Killed Pikel
  8164 | D:7      | Found a sparkling altar of Nemelex Xobeh.
  8214 | D:8      | Reached XP level 10. HP: 59/61 MP: 13/18
  8222 | D:8      | Reached skill level 5 in Dodging
  8380 | D:8      | Reached skill level 5 in Conjurations
  8429 | D:8      | Learned a level 5 spell: Borgnjor's Vile Clutch
  8501 | D:8      | Found a sand-covered staircase.
  8510 | Ossuary  | Entered an ossuary
  8522 | Ossuary  | Reached ** piety under Makhleb
  9018 | Ossuary  | Reached skill level 1 in Necromancy
  9074 | Ossuary  | Reached skill level 1 in Earth Magic
  9649 | D:8      | You fall into a shaft and drop 1 floor!
  9656 | D:9      | Noticed Maggie
  9660 | D:9      | Killed Maggie
  9877 | D:8      | Noticed Joseph
 10785 | D:8      | Reached *** piety under Makhleb
 10981 | D:7      | Reached skill level 9 in Air Magic
 11111 | D:8      | Killed Joseph
 11777 | D:9      | Reached XP level 11. HP: 57/66 MP: 11/20
 11944 | D:9      | Identified the +8 dagger of Disarray {protect, rC+}
 12365 | D:9      | Found an opulent altar of Gozag.
 12430 | D:10     | Entered Level 10 of the Dungeon
 12630 | D:10     | Found a staircase to the Lair.
 13218 | D:10     | Reached skill level 5 in Transmutations
 13556 | D:4      | Bought a +6 ring of intelligence for 468 gold pieces
 13647 | D:3      | Killed Sigmund
 13845 | D:11     | Found a staircase to the Orcish Mines.
 13851 | D:11     | Noticed a manticore
 13853 | D:11     | Killed a manticore
 13874 | D:11     | Reached **** piety under Makhleb
 13875 | D:11     | Reached skill level 10 in Air Magic
 13994 | D:11     | Found a gate leading to a gauntlet.
 13997 | D:11     | Found a shimmering blue altar of Sif Muna.
 14018 | Gauntlet | Entered a Gauntlet
 14018 | Gauntlet | Noticed a catoblepas
 14018 | Gauntlet | Found a large runed translucent door.
 14018 | Gauntlet | Found a large runed translucent door.
 14018 | Gauntlet | Found a large runed translucent door.
 14018 | Gauntlet | Found a large runed translucent door.
 14018 | Gauntlet | Found a large runed translucent door.
 14018 | Gauntlet | Found a large runed translucent door.
 14018 | Gauntlet | Found a large runed translucent door.
 14018 | Gauntlet | Found a large runed translucent door.
 14018 | Gauntlet | Found a runed translucent door.
 14018 | Gauntlet | Found a runed translucent gate.
 14018 | Gauntlet | Found a transporter.
 14018 | Gauntlet | Found a transporter.
 14018 | Gauntlet | Found a runed translucent gate.
 14018 | Gauntlet | Found a transporter.
 14019 | Gauntlet | Found a transporter.
 14022 | Gauntlet | Found a transporter.
 14022 | Gauntlet | Found a transporter.
 14023 | Gauntlet | Found a runed translucent gate.
 14023 | Gauntlet | Found a runed translucent door.
 14027 | Gauntlet | Found a large runed translucent door.
 14027 | Gauntlet | Found a large runed translucent door.
 14029 | Gauntlet | Noticed a death scarab
 14032 | Gauntlet | Found a transporter.
 14036 | Gauntlet | Found a transporter.
 14036 | Gauntlet | Noticed a wizard
 14040 | Gauntlet | Noticed a death yak
 14041 | Gauntlet | Noticed a death yak
 14041 | Gauntlet | Noticed a death yak
 14042 | Gauntlet | Noticed a death yak
 14042 | Gauntlet | Noticed a death yak
 14043 | Gauntlet | Noticed a death yak
 14046 | Gauntlet | Noticed a necromancer
 14052 | Gauntlet | Found a transporter.
 14052 | Gauntlet | Noticed a hell hog
 14054 | Gauntlet | Found a transporter.
 14070 | Gauntlet | Found a transporter.
 14074 | Gauntlet | Found a transporter.
 14120 | Gauntlet | Found a large runed translucent door.
 14120 | Gauntlet | Found a large runed translucent door.
 14121 | Gauntlet | Found a large runed translucent door.
 14121 | Gauntlet | Found a large runed translucent door.
 14122 | Gauntlet | Found a large runed translucent door.
 14122 | Gauntlet | Found a large runed translucent door.
 14296 | Lair:1   | Entered Level 1 of the Lair of Beasts
 14453 | Lair:1   | Reached skill level 5 in Necromancy
 14453 | Lair:1   | Reached skill level 5 in Earth Magic
 15115 | Lair:1   | Learned a level 5 spell: Lightning Bolt
 15259 | Lair:1   | Noticed Nergalle
 15267 | Lair:1   | Killed Nergalle
 15854 | Lair:2   | Reached XP level 12. HP: 59/72 MP: 8/22
 15924 | Lair:2   | Noticed Harold
 15993 | Lair:2   | Noticed a death yak
 15993 | Lair:2   | Noticed a death yak
 15994 | Lair:2   | Noticed a death yak
 15995 | Lair:2   | Noticed a death yak
 16014 | Lair:2   | Killed Harold
 16018 | Lair:2   | Killed a death yak
 16022 | Lair:2   | Killed a death yak
 16028 | Lair:2   | Noticed a death yak
 16034 | Lair:2   | Killed a death yak
 16035 | Lair:2   | Killed a death yak
 16037 | Lair:2   | Killed a death yak
 16270 | Lair:2   | Noticed Gastronok
 16533 | Lair:2   | Killed Gastronok
 17732 | Lair:3   | Reached skill level 5 in Invocations
 17898 | Lair:3   | Reached skill level 5 in Fighting
 17898 | Lair:3   | Reached XP level 13. HP: 62/81 MP: 14/24
 17994 | Lair:3   | Found a staircase to the Shoals.
 18159 | Lair:3   | Found a hole to the Spider Nest.
 18398 | Lair:3   | Reached skill level 10 in Stealth
 18979 | Lair:4   | Noticed Kirke
 19039 | Lair:4   | Killed Kirke
 19040 | Lair:4   | Reached skill level 11 in Air Magic
 20703 | Lair:5   | Entered Level 5 of the Lair of Beasts
 20947 | Lair:4   | Mangled by an elephant

Illustrated notes

Levels and vault maps discovered:
D:1:      shiori_arrival_whats_in_store_for_you, layout_basic,
          shapermc_ecumenical_altar_pompeii, minmay_cupped
D:2:      layout_loops_ring
D:3:      layout_basic, uniq_sigmund, uniq_natasha, uniq_jessica
D:4:      layout_loops_ring, serial_shops, nicolae_shop_crystal
D:5:      layout_loops_ring, dancing_weapons_uskayaw,
          minmay_temple_entry_sparse_star
D:6:      layout_cave_pools, grunt_ministairs_7
D:7:      layout_loops_ring, kennysheep_mini_moat, uniq_pikel
D:8:      layout_cave_pools, nicolae_ossuary_entry_ruins, uniq_joseph
D:9:      layout_rooms, nicolae_gozag_seed_capital, uniq_maggie
D:10:     layout_gridville, david_lair_shrubbed
D:11:     layout_irregular_city, orc_0_dummy, gauntlet_entry_generic,
          nicolae_sif_muna_condensation
Temple:   hellmonk_temple_of_storms
Lair:1:   layout_cave_pods, grunt_forest_stairs_basic, uniq_nergalle
Lair:2:   layout_roguey, serial_bayou_lake_a, infiniplex_staircase_pool_2,
          uniq_harold, uniq_gastronok
Lair:3:   layout_layer_cave, minmay_shoals_entry_beasts,
          hellmonk_spider_entry_not_the_bees
Lair:4:   layout_cellular_growth, grunt_megastairs_3, uniq_kirke
Lair:5:   wormcave, layout_long_grid, hangedman_lair_caniforms_friends,
          nicolae_slime_entry_slimehenge

Skill      XL: |  1  2  3  4  5  6  7  8  9 10 11 12 13 |
---------------+----------------------------------------+-----
Stealth        | 3 4 5 6 7 8 9 10 | 10.0
Conjurations   | 2 3 4 6 7 |  7.0
Dodging        | 3 4 5 6 7 |  7.0
Spellcasting   | 3 4 5 6 7 9 |  9.2
Air Magic      | 4 5 8 9 10 11 | 11.9
Invocations    | 2 3 5 |  5.0
Fighting       | 2 3 5 6 |  6.0
Transmutations | 2 4 5 6 |  6.0
Necromancy     | 3 5 6 |  6.0
Earth Magic    | 3 5 6 |  6.0

Action                   |  1- 3 |  4- 6 |  7- 9 | 10-12 | 13-15 || total
-------------------------+-------+-------+-------+-------+-------++-------
Melee: Falchion          |    45 |     9 |       |       |       ||    54
       Constrict         |    12 |     7 |    24 |    17 |     2 ||    62
       Unarmed           |     3 |       |       |       |       ||     3
       Tentacles         |     8 |     5 |    18 |    24 |     6 ||    61
       Punch             |     1 |     1 |     3 |     3 |       ||     8
       Short sword       |       |     8 |    93 |    46 |       ||   147
       Dagger            |       |       |       |    40 |    31 ||    71
 Cast: Shock             |    30 |    64 |   127 |   166 |       ||   387
       Static Discharge  |     2 |    10 |    18 |    96 |     5 ||   131
       Swiftness         |       |       |     1 |       |     1 ||     2
       Airstrike         |       |       |     1 |    29 |    15 ||    45
       Borgnjor's Vile C |       |       |       |     7 |    13 ||    20
       Lightning Bolt    |       |       |       |    64 |    43 ||   107
       Irradiate         |       |       |       |       |     2 ||     2
Invok: Lesser Servant of |       |       |       |     1 |       ||     1
Evoke: Wand              |       |       |       |     5 |     1 ||     6
  Use: Scroll            |     5 |     1 |    12 |    10 |     3 ||    31
       Potion            |       |       |     1 |       |     3 ||     4
 Stab: Sleeping          |    11 |     2 |     7 |     2 |     3 ||    25
       Distracted        |       |       |       |     1 |       ||     1
Armor: Skin              |     2 |     2 |     5 |    11 |    12 ||    32
Dodge: Dodged            |    20 |    14 |    72 |   173 |    33 ||   312
